 Dungeon Crawl Stone Soup version 0.24.0-13-gcf9b319 (webtiles) character file.

Game seed: 13848217914376399644, levelgen mode: deterministic

4641 Fang the Fighter (level 10, -6/97 HPs)
             Began as a Gargoyle Berserker on Dec 2, 2019.
             Was a High Priest of Trog.
             Mangled by a rust devil (7 damage)
             ... on level 7 of the Dungeon.
             The game lasted 00:08:58 (7097 turns).

Fang the Fighter (Gargoyle Berserker)               Turns: 7097, Time: 00:08:59

Health: -6/97      AC: -19   Str: 30      XL:     10   Next: 43%
Magic:  10/10      EV: 11    Int: 11      God:    Trog [*****.]
Gold:   471        SH:  0    Dex:  8 (9)  Spells: 9/9 levels left

rFire    + . .     SeeInvis +   B - +5 war axe of Conscience {freeze, Int+4 SInv Stlth-}
rCold    + . .     Gourm    .   (no shield)
rNeg     + . .     Faith    .   b - +0 chain mail
rPois    ∞         Spirit   .   (no helmet)
rElec    +         Reflect  .   (no cloak)
rCorr    .         Harm     .   u - +1 pair of gloves
MR       .....                  (no boots)
Stlth    ..........             K - amulet of rage
HPRegen  0.26/turn              x - ring of protection from cold
MPRegen  0.12/turn              y - ring of protection from fire

@: berserking (expiring), corroded, very quick
A: negative energy resistance 1, electricity resistance, unbreathing,
petrification resistance, rot immunity, AC +7
a: Berserk, Trog's Hand, Brothers in Arms, Renounce Religion, Evoke Berserk Rage


You were on level 7 of the Dungeon.
You worshipped Trog.
Trog was extremely pleased with you.
You were not hungry.

You visited 2 branches of the dungeon, and saw 10 of its levels.

You collected 471 gold pieces.

Inventory:

Hand Weapons
 a - a +0 war axe
 B - the +5 war axe of Conscience (weapon) {freeze, Int+4 SInv Stlth-}
   (You found it on level 6 of the Dungeon)

   It has been specially enchanted to freeze those struck by it, causing extra
   injury to most foes and up to half again as much damage against particularly
   susceptible opponents.
   It can also slow down cold-blooded creatures.
   It affects your intelligence (+4).
   It lets you see invisible.
   It makes you less stealthy.
Armour
 b - a +0 chain mail (worn)
 u - a +1 pair of gloves (worn)
Jewellery
 v - an uncursed ring of stealth
 x - a ring of protection from cold (left hand)
 y - a ring of protection from fire (right hand)
 K - an amulet of rage (around neck)
Wands
 t - a wand of paralysis (9)
 E - a wand of scattershot (8)
 H - a wand of clouds (6)
 I - a wand of digging (4)
Scrolls
 e - 3 scrolls of enchant weapon {unknown}
 f - 7 scrolls of remove curse {unknown}
 h - 5 scrolls of teleportation {unknown}
 i - 4 scrolls of immolation {unknown}
 j - a scroll of blinking {unknown}
 l - 9 scrolls of identify {unknown}
 o - a scroll of fear {unknown}
 p - a scroll of random uselessness {unknown}
 q - a scroll of noise {unknown}
 w - 2 scrolls of magic mapping {unknown}
 A - a scroll of summoning {unknown}
 F - a scroll of silence {unknown}
Potions
 d - 2 potions of degeneration {unknown}
 g - a potion of ambrosia {unknown}
 k - a potion of lignification {unknown}
 m - 8 potions of curing
 n - a potion of resistance {unknown}
 r - a potion of berserk rage
 s - 5 potions of agility {unknown}
 z - 2 potions of heal wounds {unknown}
 C - a potion of invisibility {unknown}
 D - a potion of mutation {unknown}
 G - a potion of brilliance {unknown}
 J - 2 potions of haste {unknown}
Comestibles
 c - 13 rations


   Skills:
 + Level 8.9 Fighting
 + Level 7.4 Axes
 + Level 8.5 Armour
 + Level 6.4 Dodging


You had 9 spell levels left.
You didn't know any spells.
Your spell library was empty.

Dungeon Overview and Level Annotations

Branches:
Dungeon (9/15)             Temple (1/1) D:6
   Lair: D:8-11         Orc: D:9-12

Altars:
Ashenzari
Cheibriados
Qazlal
The Shining One

Shops:
D:4 !


Innate Abilities, Weirdness & Mutations

You are resistant to torment.
Your stone body is resilient. (AC +7)
You are immune to poison.
You resist negative energy. (rN+)
You are resistant to electric shocks. (rElec)
You can survive without breathing.
You are immune to petrification.
You are immune to rotting.


Message History

The rust devil is severely wounded.
You closely miss the rust devil. The rust devil hits you!
* * * LOW HITPOINT WARNING * * *
The rust devil corrodes you! The rust devil hits you!
* * * LOW HITPOINT WARNING * * *
The rust devil corrodes you!
You hit the rust devil but do no damage.
The rust devil is severely wounded.
You hit the rust devil.
You hit the rust devil but do no damage.
The rust devil is severely wounded.
You closely miss the rust devil. The rust devil hits you.
* * * LOW HITPOINT WARNING * * *
The rust devil corrodes you! The rust devil hits you.
* * * LOW HITPOINT WARNING * * *
The rust devil corrodes you!
You hit the rust devil. You freeze the rust devil.
The rust devil is almost dead.
You closely miss the rust devil. The rust devil hits you!
You die...

.....## #..#.##...........##
##.### ##.##.##...........# ##
... ###..#...#...........####..
.#.####.#.)......#..(........#...
.......)###....#...............
..##...)###......#..##.........
## ##....#...###....#...(......
.## ##.....###>###..#..........
..###.....##♣.@4♣##.....>......
##..##......#).))4.)#..........##
#..##..###.###.....###........##
........##.# +..8..+ #.....#.##
..#....##..# #.....###......##
..####...... ).....)#.......# .##
##..#..##♣...♣##.......# #....#
.... ##∩###.......## ........##..
###....#..###


You could see 2 rust devils.

Vanquished Creatures
  A troll (D:9)
  2 hippogriffs
  A hungry ghost (D:9)
  Duvessa (D:5)
  3 orc warriors
  2 ice beasts (D:7)
  3 phantoms
  3 sky beasts
  3 ogres
  3 centaurs
  A crocodile (D:9)
  3 big kobolds
  3 bullfrogs
  A gnoll sergeant (D:5)
  Dowan (D:5)
  3 scorpions
  4 killer bees (D:8)
  3 howler monkeys
  4 crimson imps
  3 quasits
  2 centaur zombies
  3 hounds
  2 jellies (D:9)
  A centaur skeleton (D:4)
  6 orc priests
  6 orc wizards
  A bullfrog skeleton (D:9)
  4 worker ants
  A hound skeleton (D:8)
  13 gnolls
  8 adders
  A shadow imp (D:7)
  2 oozes (D:3)
  3 adder skeletons
  2 dart slugs
  A worm (D:2)
  3 leopard geckos
  35 orcs
  6 ball pythons
  4 giant cockroaches
  6 goblins
  8 hobgoblins
  A quokka (D:4)
  A ball python skeleton (D:4)
  9 bats
  3 frilled lizards
  24 kobolds
  A quokka skeleton (D:6)
  7 rats
212 creatures vanquished.

Notes
Turn   | Place    | Note
-------+----------+-------------------------------------------
     0 | D:1      | Fang the Gargoyle Berserker began the quest for the Orb.
     0 | D:1      | Reached XP level 1. HP: 14/14 MP: 1/1
   164 | D:1      | Reached XP level 2. HP: 19/19 MP: 2/2
   660 | D:1      | Reached XP level 3. HP: 23/23 MP: 3/3
   702 | D:1      | Reached ** piety under Trog
  1339 | D:2      | Reached XP level 4. HP: 27/29 MP: 4/4
  2144 | D:3      | Reached *** piety under Trog
  2523 | D:4      | Reached XP level 5. HP: 22/33 MP: 5/5
  2824 | D:4      | Reached XP level 6. HP: 33/39 MP: 6/6
  3008 | D:4      | Found a glowing golden altar of the Shining One.
  3065 | D:4      | Found Talyukud's Distillery.
  3411 | D:5      | Entered Level 5 of the Dungeon
  3474 | D:5      | Reached skill level 5 in Fighting
  3476 | D:5      | Noticed a sky beast
  3492 | D:5      | Killed a sky beast
  3492 | D:5      | Reached XP level 7. HP: 39/44 MP: 7/7
  3822 | D:5      | Found a snail-covered altar of Cheibriados.
  4141 | D:5      | Noticed Duvessa
  4141 | D:5      | Noticed Dowan
  4149 | D:5      | Killed Duvessa
  4151 | D:5      | Killed Dowan
  4151 | D:5      | Reached skill level 5 in Armour
  4233 | D:5      | Found a shattered altar of Ashenzari.
  4249 | D:5      | Reached XP level 8. HP: 49/51 MP: 8/8
  4606 | D:6      | Got an ichor-stained war axe
  4607 | D:6      | Identified the +5 war axe of Conscience {freeze, Int+4 SInv
                  | Stlth-} (You found it on level 6 of the Dungeon)
  4622 | D:6      | Found a staircase to the Ecumenical Temple.
  4625 | D:6      | Reached **** piety under Trog
  4627 | D:6      | Reached skill level 5 in Axes
  4638 | Temple   | Entered the Ecumenical Temple
  4948 | D:6      | You fall into a shaft and drop 2 floors!
  4948 | D:8      | Noticed a hippogriff
  4956 | D:8      | Killed a hippogriff
  5030 | D:8      | Reached XP level 9. HP: 48/57 MP: 9/9
  5059 | D:8      | Reached skill level 5 in Dodging
  5060 | D:8      | Found a stormy altar of Qazlal.
  5949 | D:7      | Reached ***** piety under Trog
  6176 | D:7      | You fall into a shaft and drop 2 floors!
  6198 | D:9      | Reached XP level 10. HP: 60/64 MP: 10/10
  7082 | D:7      | Noticed a rust devil
  7082 | D:7      | Noticed a rust devil
  7093 | D:7      | Received a gift from Trog
  7096 | D:7      | HP: 1/97 [rust devil (4)]
  7097 | D:7      | Mangled by a rust devil

Levels and vault maps discovered:
D:1:      sevenhm_arrival_forest_fort_large_1, layout_basic
D:2:      layout_rooms
D:3:      layout_loops_ring, grunt_ministairs_11
D:4:      layout_loops_ring, nicolae_tso_carved_into_rock, serial_shops, shop
D:5:      layout_basic, evilmike_ruin_ashenzari, first_ration, minivault_5,
          cheibriados_altar_1, uniq_duvessa
D:6:      layout_basic, gammafunk_temple_overflow_elements,
          minmay_temple_entry_mini_moons, uniq_eustachio
D:7:      cheibrodos_iron_armory, layout_cave_pools,
          nemelex_xobeh_ov_fountains_minmay
D:8:      layout_loops_ring, nicolae_qazlal_style_of_elements
D:9:      layout_small_grid
Temple:   regret_index_temple_sphere_string

Skill      XL: |  1  2  3  4  5  6  7  8  9 10 |
---------------+-------------------------------+-----
Axes           | 3 4 5 6 7 |  7.4
Dodging        | 2 3 4 6 |  6.4
Armour         | 3 4 5 6 7 8 |  8.5
Fighting       | 4 5 7 8 |  8.9

Action                   |  1- 3 |  4- 6 |  7- 9 | 10-12 || total
-------------------------+-------+-------+-------+-------++-------
Melee: Hand axe          |   119 |    90 |       |       ||   209
       War axe           |       |   128 |   258 |    87 ||   473
Invok: Berserk           |       |     4 |     5 |     2 ||    11
  Eat: Chunk             |     2 |     9 |    15 |     3 ||    29
       Ration            |       |       |       |     2 ||     2
Armor: Animal skin       |    36 |    42 |       |       ||    78
       Chain mail        |       |   131 |   180 |    70 ||   381
Dodge: Dodged            |    98 |   127 |   144 |    59 ||   428
